Map: 아크로폴리스 - 래더

Players

Bunny - Winner!

  • Race: Terran Terran
  • League: Diamond
  • Spawn Location: 5:00

ShoWTimE

  • Race: Protoss Protoss
  • League: Grandmaster
  • Spawn Location: 11:00

Event: HomeStory Cup XIX

VOD

Have the link to the VOD?

Description

Time

  • Played on: June 28, 2019, 9 a.m.
  • Length: 8:15

All games in this series

Show
View Real Time Build Order
Export as new Build Order

Bunny Terran - Winner!

Build Orders: Gas First Reaper Expand 

Get SALT Encoding   

  12  0:00  SCV  
  13  0:13  SCV  
  14  0:17  Supply Depot  
  14  0:25  SCV  
  14  0:27  Refinery  
  15  0:39  SCV  
  16  0:44  Barracks  
  16  0:51  SCV  
  17  1:03  SCV  
  18  1:15  SCV  
  19  1:31  Orbital Command  
  19  1:32  Reaper  
  20  1:42  Command Center  
  20  1:52  Factory  
  20  1:58  SCV  
  21  2:06  Barracks Reactor  
  21  2:07  Supply Depot  
  21  2:11  SCV  
  22  2:16  Refinery  
  22  2:23  SCV  
  23  2:35  SCV  
  24  2:41  Starport  
  24  2:45  Hellion x2  
  24  2:47  SCV  
  29  2:54  Orbital Command  
  29  2:59  SCV  
  30  3:07  Hellion  
  30  3:09  Hellion  
  34  3:14  Barracks Tech Lab  
  34  3:15  SCV  
  34  3:18  Medivac  
  37  3:23  Supply Depot  
  37  3:29  SCV x2  
  38  3:41  Marine  
  38  3:42  Marine, Cyclone  
  38  3:43  SCV x2  
  45  3:49  Barracks  
  45  3:55  SCV x2  
  47  4:00  Engineering Bay  
  47  4:04  Marine x2  
  47  4:08  SCV  
  47  4:09  Barracks  
  50  4:11  SCV  
  51  4:20  Supply Depot  
  51  4:21  Siege Tank  
  54  4:26  Refinery  
  54  4:32  SCV  
  54  4:34  Marine  
  54  4:37  Barracks Tech Lab  
  54  4:41  Marine  
  55  4:46  Terran Infantry Weapons Level 1  
  55  4:47  SCV x2, Supply Depot  
  57  4:53  Siege Tank  
  57  4:55  Marine x2  
  57  4:57  Stimpack  
  60  5:00  SCV x2  
  60  5:05  Barracks Reactor  
  58  5:08  Barracks  
  58  5:11  Starport Reactor  
  58  5:13  Barracks  
  58  5:19  SCV x2  
  60  5:22  Supply Depot  
  60  5:25  Siege Tank  
  60  5:28  Marine x3  
  66  5:33  SCV x2  
  68  5:37  Supply Depot  
  65  5:46  Marine x5  
  65  5:47  Medivac  
  65  5:49  Medivac  
  74  5:54  Supply Depot  
  74  5:56  Marine  
  75  6:02  Siege Tank  
  75  6:03  Marine  
  79  6:10  SCV  
  79  6:11  Marine x5  
  81  6:12  Refinery  
  81  6:15  Marine  
  86  6:21  Marine, Medivac  
  89  6:26  Supply Depot, Medivac  
  89  6:29  Marine x3  
  94  6:38  Marine  
  93  6:43  Marine  
  93  6:44  Marine  
  93  6:46  Marine  
  93  6:47  Marine x3  
  94  6:48  Siege Tank  
  98  6:55  Supply Depot  
  98  6:57  Marine  
  99  7:01  Marine x2  
  101  7:15  Marine  
  101  7:16  Marine x4  
  101  7:19  Marine x2  
  101  7:20  Supply Depot  
  108  7:33  Marine  
  92  7:46  Marine  
  92  7:47  Marine  
Show
View Real Time Build Order
Export as new Build Order

ShoWTimE Protoss 

Build Orders: 1 Gate Expand, Oracle Opening, Phoenix Opening, Zealot Archon 

Get SALT Encoding   

  12  0:00  Probe  
  13  0:12  Probe  
  14  0:17  Pylon  
  14  0:24  Probe  
  15  0:32  Probe  
  15  0:37  Gateway  
  15  0:40  Probe  
  16  0:47  Assimilator  
  17  0:51  Probe  
  18  1:03  Probe  
  19  1:15  Probe  
  20  1:24  Cybernetics Core  
  20  1:33  Nexus  
  20  1:37  Probe  
  21  1:43  Pylon  
  21  1:49  Probe  
  21  1:52  Assimilator, Adept  
  22  2:01  Probe  
  25  2:13  Probe  
  26  2:20  Stargate  
  26  2:24  Probe  
  26  2:25  Adept  
  29  2:32  Probe  
  29  2:33  Warp Gate  
  30  2:40  Probe  
  30  2:41  Probe  
  29  2:49  Probe  
  31  2:51  Probe  
  31  2:55  Adept  
  31  2:56  Oracle  
  35  3:00  Probe  
  35  3:03  Probe  
  37  3:12  Probe  
  41  3:16  Probe  
  41  3:18  Pylon  
  42  3:24  Probe  
  43  3:28  Probe  
  43  3:31  Phoenix  
  44  3:36  Probe  
  44  3:40  Probe, Gateway  
  46  3:41  Gateway  
  46  3:48  Probe  
  47  3:49  Gateway  
  47  3:51  Phoenix  
  47  3:52  Probe  
  47  3:54  Pylon  
  48  4:01  Probe  
  51  4:04  Probe  
  52  4:10  Pylon  
  52  4:11  Phoenix  
  52  4:13  Probe  
  52  4:16  Probe  
  56  4:25  Probe  
  56  4:28  Probe  
  58  4:31  Phoenix  
  58  4:35  Nexus  
  58  4:37  Probe, Pylon  
  61  4:40  Probe  
  62  4:45  Assimilator  
  62  4:48  Assimilator  
  62  4:50  Probe  
  62  4:52  Probe, Adept  
  66  4:56  Forge  
  66  4:58  Twilight Council  
  66  5:02  Probe  
  67  5:10  Probe, Phoenix  
  67  5:12  Charge  
  70  5:16  Probe, Protoss Ground Armor Level 1  
  70  5:18  Pylon  
  71  5:22  Probe  
  71  5:27  Gateway x2  
  72  5:30  Gateway  
  72  5:36  Gateway  
  72  5:43  Gateway  
  72  5:44  Probe  
  72  5:45  Probe  
  75  5:50  Probe  
  75  5:55  Robotics Facility  
  75  5:56  Probe  
  76  5:57  Sentry  
  76  5:58  Probe, Sentry  
  76  6:02  Probe  
  76  6:03  Sentry  
  84  6:08  Probe  
  84  6:10  Probe  
  86  6:12  Pylon  
  86  6:14  Probe  
  87  6:20  Probe, Pylon  
  87  6:22  Probe  
  89  6:25  Zealot x4  
  89  6:26  Zealot  
  89  6:29  Templar Archives  
  99  6:33  Zealot x2  
  99  6:37  Pylon  
  103  6:42  Phoenix  
  105  6:51  Immortal  
  105  6:53  Zealot x4, Pylon  
  115  6:57  Pylon  
  115  7:05  Zealot x4  
  122  7:09  Pylon  
  122  7:11  Pylon  
  122  7:17  Zealot x2  
  122  7:18  Pylon  
  122  7:19  Zealot  
  128  7:24  Zealot  
  128  7:25  Zealot  
  132  7:30  Zealot x3  
  138  7:44  Zealot x3  
  122  7:50  Zealot x3  
  110  7:54  High Templar x2  
  110  7:58  Archon  
  92  8:05  Zealot x3  
Tags
 
Add a new tag
Caveats
  • Supply blocks, unpowered buildings, or Contaminate may cause inaccurate times.
  • Supply counts are checked every 10 seconds.